 Dungeon Crawl Stone Soup version 0.21.1-1-g345015f (webtiles) character file.

3916 beigtais the Cleaver (level 10, -2/76 HPs)
             Began as a Demonspawn Fighter on May 29, 2018.
             Was a High Priest of Uskayaw.
             Killed by divine providence
             ... invoked by an orc priest
              (13 damage)
             ... on level 6 of the Dungeon.
             The game lasted 00:38:54 (5056 turns).

beigtais the Cleaver (Demonspawn Fighter)           Turns: 5056, Time: 00:38:55

Health: -2/76      AC: 14    Str: 22      XL:     10   Next: 1%
Magic:  2/10       EV:  8    Int:  9      God:    Uskayaw [*****.]
Gold:   292        SH: 10    Dex: 14 (15) Spells: 9/9 levels left

rFire    + . .     SeeInvis .   a - +1 war axe
rCold    + . .     Gourm    .   c - +0 shield
rNeg     . . .     Faith    .   n - +0 chain mail
rPois    +         Spirit   .   (helmet restricted)
rElec    .         Reflect  .   o - scarf {rC+ rF+}
rCorr    .         Harm     .   w - +0 pair of gloves
MR       .....                  (no boots)
Stlth    ..........             b - amulet of regeneration
HPRegen  0.62/turn              d - +2 ring of strength
MPRegen  0.12/turn              j - +2 ring of strength

@: no status effects
A: horns 2, slimy green scales 2, deterioration 1, poison resistance, rot
immunity, subdued magic 1
a: Stomp, Line Pass, Grand Finale, Renounce Religion


You were on level 6 of the Dungeon.
You worshipped Uskayaw.
Uskayaw was noncommittal.
You were very hungry.

You visited 1 branch of the dungeon, and saw 6 of its levels.
You also visited: Sewer and Ossuary.

You collected 292 gold pieces.

Inventory:

Hand Weapons
 a - a +1 war axe (weapon)
Missiles
 h - 150 stones
 z - 3 tomahawks (quivered)
Armour
 c - a +0 shield (worn)
 n - a +0 chain mail (worn)
 o - a scarf of resistance (worn)
 w - a +0 pair of gloves (worn)
Jewellery
 b - an amulet of regeneration (around neck)
 d - a +2 ring of strength (left hand)
 e - an uncursed ring of protection from fire
 j - a +2 ring of strength (right hand)
 m - an uncursed ring of positive energy
Wands
 y - a wand of scattershot (3)
Scrolls
 g - 3 scrolls of blinking
 k - 10 scrolls of remove curse
 l - 5 scrolls of teleportation
 r - 5 scrolls of amnesia
 A - a scroll of immolation
 C - 2 scrolls of enchant armour
 D - a scroll of magic mapping
 E - a scroll of fear
 F - a scroll of identify
Potions
 i - 2 potions of might
 p - 3 potions of heal wounds
 q - 2 potions of curing
 t - 3 potions of flight
 u - 4 potions of agility
 v - 2 potions of brilliance
 x - a potion of resistance
 B - 3 potions of magic
Comestibles
 f - 8 rations
 s - 10 chunks of flesh


   Skills:
 * Level 6.2 Fighting
 * Level 8.9 Axes
 + Level 0.5 Throwing
 * Level 5.4 Armour
 * Level 4.3 Dodging
 + Level 0.7 Stealth
 * Level 5.8 Shields
 * Level 1.2 Invocations


You had 9 spell levels left.
You didn't know any spells.

Dungeon Overview and Level Annotations

Branches:
Dungeon (6/15)
 Temple: D:4-7

Altars:
Dithmenos
Elyvilon
Kikubaaqudgha
Uskayaw
Zin
The Shining One

Shops:
D:4 ?   D:5 %


Innate Abilities, Weirdness & Mutations

You have a pair of horns on your head.
You are mostly covered in slimy green scales. (AC +3)
You are immune to rotting.
Your body sometimes deteriorates upon taking damage.
Your system is resistant to poisons. (rPois)
Your spells are a little easier to cast, but a little less powerful.


Message History

The helpless orc wizard fails to defend itself.
You slash the orc wizard!
You kill the orc wizard!
The helpless gnoll fails to defend itself.
You slash the gnoll!
You kill the gnoll!
The helpless orc warrior fails to defend itself.
You hit the orc warrior but do no damage.
You can now merge with and destroy a victim.
The helpless orc warrior fails to defend itself.
You slash the orc warrior!
The orc warrior is almost dead.
The gnoll is no longer paralysed.
The orc priest is no longer paralysed.
The hobgoblin is no longer paralysed.
The orc warrior is no longer paralysed.
The hobgoblin is no longer paralysed.
The orc warrior hits you with a glaive!!
* * * LOW HITPOINT WARNING * * *
The orc priest mumbles some strange prayers to Beogh against you.
Beogh smites you!
You die... ...P♣P.....PP♣PP..P♣P♣.♣♣♣..♣♣ .P♣PPP♣....♣♣♣♣P..♣♣♣### #### .PPPPP#'''############ ggco ♣P♣♣♣P#..)# .........# oo..
P

###.>.# ...$....#
#...# ).......#
#...# ......
#'########)g####.g
+()...)@gog....gg.
+.÷)..(o!g.....'..
##################


You could see an orc warrior, an orc priest, 2 gnolls and 2 hobgoblins.

Vanquished Creatures
  Pikel (D:6)
  Grinder (D:6)
  Prince Ribbit (D:6)
  The ghost of Oravi the Changer, an amateur MfTm of Okawaru (D:5)
  Eustachio (D:5)
  A hungry ghost (D:5)
  Edmund (D:6)
  An orc warrior (D:6)
  3 slaves (D:6)
  An ogre (D:4)
  3 centaurs
  3 big kobolds (Sewer)
  Blork the orc (D:6)
  2 gnoll sergeants (D:6)
  12 scorpions
  The ghost of microfolk the Chiller, a weakling MfIE (D:4)
  3 centaur zombies
  2 crimson imps (D:5)
  A human zombie (Ossuary)
  2 hounds (D:6)
  4 orc priests
  A gnoll shaman (D:6)
  A jelly (D:6)
  A bullfrog skeleton (D:4)
  4 iguanas
  A centaur skeleton (D:4)
  5 worker ants
  3 orc wizards
  3 big kobold zombies (Ossuary)
  A hound zombie (D:5)
  3 mummies (Ossuary)
  12 gnolls
  A howler monkey skeleton (D:4)
  11 adders
  3 scorpion zombies (Ossuary)
  A shadow imp (D:6)
  4 oozes
  3 worms
  A dart slug (D:1)
  7 leopard geckos
  10 orcs
  2 ball pythons (Sewer)
  10 bats
  10 giant cockroaches
  7 gnoll zombies (Ossuary)
  2 goblins
  7 hobgoblins
  4 jackals (D:4)
  20 kobolds
  2 quokkas
  6 frilled lizards
  A goblin zombie (Ossuary)
  3 hobgoblin zombies (Ossuary)
  A jackal zombie (D:5)
  A leopard gecko zombie (D:5)
  A quokka zombie (D:6)
  6 rats
205 creatures vanquished.

Vanquished Creatures (others)
  A slave (D:6)
1 creature vanquished.

Grand Total: 206 creatures vanquished

Notes
Turn   | Place    | Note
-------+----------+-------------------------------------------
     0 | D:1      | beigtais the Demonspawn Fighter began the quest for the Orb.
     0 | D:1      | Reached XP level 1. HP: 18/18 MP: 1/1
   132 | D:1      | Gained mutation: You have a pair of small horns on your head. [demonic ancestry]
   132 | D:1      | Reached XP level 2. HP: 9/24 MP: 2/2
   499 | D:1      | Reached skill level 2 in Axes
   566 | D:1      | Reached skill level 1 in Dodging
   849 | D:2      | Reached XP level 3. HP: 7/29 MP: 3/3
  1014 | D:2      | Gained mutation: Your body sometimes deteriorates upon taking damage. [potion of mutation]
  1014 | D:2      | Gained mutation: Your spells are a little easier to cast, but a little less powerful. [potion of mutation]
  1014 | D:2      | Gained mutation: Your system is resistant to poisons. (rPois) [potion of mutation]
  1130 | D:2      | Gained mutation: You are immune to rotting. [demonic ancestry]
  1130 | D:2      | Reached XP level 4. HP: 35/35 MP: 4/4
  1139 | D:2      | Found a white marble altar of Elyvilon.
  1143 | D:2      | Found a glowing silver altar of Zin.
  1146 | D:2      | Found a glowing golden altar of the Shining One.
  1786 | D:3      | Gained mutation: You are partially covered in slimy green scales. (AC +2) [demonic ancestry]
  1786 | D:3      | Reached XP level 5. HP: 38/42 MP: 5/5
  1935 | D:3      | Reached skill level 3 in Axes
  2209 | D:4      | Found a shadowy altar of Dithmenos.
  2255 | D:4      | Noticed microfolk's ghost (weakling MfIE)
  2283 | D:3      | Gained mutation: You are mostly covered in slimy green scales. (AC +3) [demonic ancestry]
  2283 | D:3      | Reached XP level 6. HP: 34/48 MP: 6/6
  2323 | D:4      | Killed microfolk's ghost
  2371 | D:4      | Found Teorphaoq's Magic Scroll Shop.
  2395 | D:4      | Reached skill level 4 in Axes
  2645 | D:4      | Found a glowing drain.
  2650 | D:4      | Reached XP level 7. HP: 53/54 MP: 7/7
  2676 | Sewer    | Entered a sewer
  2935 | Sewer    | Reached skill level 5 in Axes
  3184 | D:5      | Entered Level 5 of the Dungeon
  3201 | D:5      | Noticed a hungry ghost
  3219 | D:5      | Killed a hungry ghost
  3257 | D:5      | Found Yteabruom's Food Emporium.
  3292 | D:5      | Reached XP level 8. HP: 61/61 MP: 8/8
  3377 | D:5      | Noticed Eustachio
  3385 | D:5      | Found a sand-covered staircase.
  3396 | D:5      | Killed Eustachio
  3396 | D:5      | Reached skill level 5 in Fighting
  3396 | D:5      | Reached skill level 6 in Axes
  3405 | Ossuary  | Entered an ossuary
  3665 | Ossuary  | Reached skill level 7 in Axes
  3854 | Ossuary  | Reached XP level 9. HP: 53/68 MP: 9/9
  3988 | D:5      | Reached skill level 5 in Shields
  4036 | D:5      | Found an ancient bone altar of Kikubaaqudgha.
  4295 | D:5      | Noticed Oravi's ghost (amateur MfTm)
  4300 | D:5      | Killed Oravi's ghost
  4372 | D:6      | Found a hide-covered altar of Uskayaw.
  4383 | D:6      | Became a worshipper of Uskayaw the Reveler
  4410 | D:6      | Noticed Pikel
  4422 | D:6      | Reached * piety under Uskayaw
  4431 | D:6      | Reached ** piety under Uskayaw
  4436 | D:6      | Noticed Prince Ribbit
  4439 | D:6      | Killed Pikel
  4439 | D:6      | Reached skill level 8 in Axes
  4439 | D:6      | Reached skill level 5 in Armour
  4441 | D:6      | Reached *** piety under Uskayaw
  4447 | D:6      | Reached **** piety under Uskayaw
  4458 | D:6      | Killed Prince Ribbit
  4624 | D:6      | Noticed Grinder
  4627 | D:6      | Paralysed by Grinder for 7 turns
  4639 | D:6      | Killed Grinder
  4655 | D:6      | Noticed Edmund
  4664 | D:6      | Killed Edmund
  4763 | D:6      | Noticed Blork the orc
  4774 | D:6      | Killed Blork the orc
  5047 | D:6      | Reached skill level 1 in Invocations
  5047 | D:6      | Gained mutation: You have a pair of horns on your head. [demonic ancestry]
  5047 | D:6      | Reached XP level 10. HP: 40/76 MP: 1/10
  5055 | D:6      | Reached ***** piety under Uskayaw
  5056 | D:6      | Killed from afar by an orc priest

Skill      XL: |  1  2  3  4  5  6  7  8  9 |
---------------+----------------------------+-----
Shields        | 3 4 5 |  5.8
Axes           | 2 3 4 5 7 8 |  8.9
Dodging        | 1 2 3 4 |  4.3
Armour         | 3 4 5 |  5.4
Fighting       | 4 5 6 |  6.2
Invocations    | 1 |  1.2
Throwing       | |  0.5
Stealth        | |  0.7

Action                   |  1- 3 |  4- 6 |  7- 9 | 10-12 || total
-------------------------+-------+-------+-------+-------++-------
Melee: War axe           |    77 |   179 |   395 |     8 ||   659
       Headbutt          |     8 |    41 |    93 |     2 ||   144
Throw: Stone             |       |     5 |    14 |       ||    19
       Tomahawk          |       |       |    13 |       ||    13
Invok: Line Pass         |       |       |     5 |       ||     5
       Stomp             |       |       |     3 |       ||     3
  Use: Potion            |     4 |       |     4 |       ||     8
       Scroll            |     2 |     6 |     6 |       ||    14
 Stab: Paralysed         |       |       |     6 |     4 ||    10
       Distracted        |       |       |     1 |       ||     1
       Confused          |       |       |     1 |       ||     1
  Eat: Chunk             |     1 |     5 |     4 |       ||    10
       Ration            |       |       |     4 |       ||     4
Armor: Scale mail        |     4 |       |       |       ||     4
       Chain mail        |    39 |   107 |   184 |     4 ||   334
Dodge: Dodged            |    17 |    52 |   126 |     2 ||   197
Block: Shield            |    37 |    92 |   235 |     6 ||   370
